AoeStats
← ZeroFuqsGiven

Arabia

508555758Analyzed
3v3 RM · 9d ago on Sep 23, 2026· 69m 17s· 6 players
Game mode
Random Map
Map size
Normal (6 player)
Population
200
Speed
Normal
Resources
Standard
Victory
Conquest
Starting age
Dark Age
Ending age
Imperial Age
RankedLock teamsTeams togetherTeam positionsShared explorationLock speedFull tech treeHidden civsTurbo modeCheats
Victory
Defeat
🇦🇷 Burgundians · Argentina
828
+13
🇦🇷 Franks · Argentina
796
+14
🇦🇷 Spanish · Argentina
762
+15
🇨🇴 Spanish · Colombia
782
-15
🇺🇸 Varangians · United States
760
-14
🇹🇷 Byzantines · Türkiye
738
-13
ZeroFuqsGiven
5:27 Loom
10:24 Feudal Age
14:20 Bloodlines
26:45 Castle Age
25:53 Double-Bit Axe
25:54 Horse Collar
35:34 Fletching
42:02 Forging
krodie1029
13:09 Feudal Age
15:49 Bloodlines
16:25 Wheelbarrow
15:50 Double-Bit Axe
15:49 Horse Collar
22:58 Castle Age
21:29 Stone Mining
23:56 Bow Saw
23:48 Heavy Plow
23:47 Gold Mining
24:02 Husbandry
31:07 Stone Shaft Mining
32:20 Scale Barding Armor
32:26 Forging
34:53 Chain Barding Armor
35:10 Iron Casting
35:18 Hand Cart
37:48 Imperial Age
38:17 Caravan
39:04 Cavalier
40:23 Plate Barding Armor
40:48 Blast Furnace
40:20 Conscription
42:07 Chemistry
41:04 Murder Holes
41:30 Ballistics
53:34 Paladin
64:44 Pikeman
65:25 Squires
67:05 Gambesons
mahirnalbant09
5:11 Loom
9:55 Feudal Age
16:12 Double-Bit Axe
24:35 Castle Age
24:06 Gold Mining
26:30 Bow Saw
26:33 Husbandry
36:29 Gold Shaft Mining
38:54 Imperial Age
37:02 Wheelbarrow
36:11 Horse Collar
36:28 Stone Mining
36:57 Scale Barding Armor
37:02 Forging
39:02 Heavy Camel Rider
40:31 Heavy Plow
40:48 Hand Cart
41:52 Chain Barding Armor
43:59 Conscription
48:39 Elite Cataphract
51:49 Crop Rotation
53:51 Plate Barding Armor
55:42 Logistica
58:56 Iron Casting
PatoCosta90
6:23 Loom
12:40 Feudal Age
12:43 Man-at-Arms
15:03 Town Watch
16:10 Fletching
16:15 Double-Bit Axe
18:50 Wheelbarrow
24:52 Castle Age
22:54 Horse Collar
25:52 Hand Cart
26:48 Pikeman
27:31 Squires
30:19 Bodkin Arrow
30:47 Forging
30:45 Scale Barding Armor
32:40 Bow Saw
32:47 Heavy Plow
33:12 Stone Mining
33:13 Gold Mining
39:18 Herbal Medicine
39:48 Sanctity
39:40 Redemption
39:33 Atonement
39:45 Fervor
39:40 Devotion
41:32 Ballistics
41:08 Murder Holes
41:25 Fortified Wall
41:26 Masonry
44:38 Imperial Age
45:31 Elite Conquistador
46:32 Conscription
46:49 Hoardings
57:18 Bloodlines
57:10 Husbandry
56:32 Light Cavalry
57:20 Caravan
58:11 Hussar
66:37 Block Printing
69:58 Two-Man Saw
Ferna
6:45 Loom
9:03 Feudal Age
8:07 Double-Bit Axe
9:05 Horse Collar
22:03 Castle Age
21:10 Scale Barding Armor
22:21 Cavalier
23:13 Gold Mining
25:55 Stone Mining
26:22 Forging
26:58 Husbandry
28:31 Bow Saw
29:02 Heavy Plow
30:43 Wheelbarrow
34:09 Imperial Age
32:13 Chain Barding Armor
32:28 Hand Cart
33:01 Town Watch
33:24 Burgundian Vineyards
36:17 Plate Barding Armor
36:17 Iron Casting
36:47 Gold Shaft Mining
37:37 Paladin
37:38 Light Cavalry
39:43 Chemistry
42:23 Blast Furnace
41:20 Fletching
52:22 Crop Rotation
54:59 Hussar
56:47 Two-Man Saw
EL EDU
1:11 Loom
11:58 Feudal Age
13:44 Town Watch
14:10 Scale Mail Armor
14:00 Man-at-Arms
15:13 Arson
16:00 Forging
16:15 Gold Mining
19:59 Wheelbarrow
24:39 Scale Barding Armor
26:44 Castle Age
24:38 Stone Mining
26:03 Fletching
27:25 Double-Bit Axe
27:15 Long Swordsman
27:40 Gambesons
27:58 Town Patrol
28:36 Gold Shaft Mining
28:41 Iron Casting
28:26 Pikeman
29:08 Squires
30:14 Bow Saw
32:38 Chain Mail Armor
32:44 Chain Barding Armor
35:58 Hand Cart
39:32 Imperial Age
37:03 Bodkin Arrow
40:14 Husbandry
39:35 Cavalier
40:19 Elite Throwing Axeman
41:55 Conscription
42:01 Two-Handed Swordsman
46:17 Hoardings
50:16 Blast Furnace
49:47 Plate Mail Armor
49:46 Paladin
56:40 Plate Barding Armor
59:11 Ballistics
59:00 Siege Engineers
60:27 Halberdier
Connection lost

Rejoining the realm…

Still unreachable

The connection could not be restored.

Session expired

The server has moved on; the page needs a fresh start.